Unix NetHack Version 5.0.0-0 post-release - last build May 10 2026 23:12:36 (d1fa5d53e341ca933230fdaa984d921c805b60aa,branch:main).

Game began 2026-05-17 00:02:00, ended 2026-05-17 00:11:05.

Drastanta, lawful male human Knight

                            ---------------                               ----
         ------             ..e@u.........|                               |.<|
         |...>|           # |{ie..........|                               |..|
         |.....#############|i............|                               |.[|
         |....|          ###...............####################           |..|
         -.----             ------.--------                               --.-
          #                       #                                       ###
          ###                     #                                      ##
            #                     #                                      #
            #                   #########                                #
        ----.--------       #######               |                      #
        |............       #                     |......                #
        |...........|       #                          ..........       ##
        |...........|       #                                           ####
        |............########                                          ----.--
        |...........|                                                  |.....|
        -------------                                                  |.....|
                                                                       ...^..|
                                                                       -------

Drastanta the Esquire    St:14 Dx:8 Co:13 In:9 Wi:14 Ch:18  Lawful
Dlvl:3  $:37 HP:0(30) Pw:17(17) AC:3  Xp:3 T:2527 

Latest messages:
 You miss the manes.
 The manes hits!
 The manes hits again!
 The manes bites!
 The saddled pony hits the floating eye.
 The saddled pony bites the floating eye.
 The saddled pony is frozen by the floating eye's gaze!
 You miss the manes.
 You hit the manes!
 The manes hits!
 The manes hits again!
 The manes misses!
 You destroy the manes!
 The saddled pony doesn't seem to move!
 The saddled pony doesn't seem to move!
 You stop.  Your saddled pony is in the way!
 What do you want to eat? [ghr or ?*] h
 This carrot is delicious!
 What do you want to eat? [ghr or ?*] h
 Blecch!  Rotten food!
 You feel rather light headed.
 What do you want to eat? [ghr or ?*] h
 This carrot is delicious!
 What do you want to eat? [ghr or ?*] h
 This carrot is delicious!
 What do you want to eat? [ghr or ?*] h
 This carrot is delicious!
 You destroy the manes!
 You caitiff!
 You hit the saddled pony.
 You caitiff!
 You hit the saddled pony.
 You feel less confused now.
 You miss the floating eye.
 You are frozen by the floating eye's gaze!
 The manes hits!
 The manes hits again!
 The manes bites!
 The manes hits!
 The manes hits again!
 The manes misses!
 The manes hits!
 The manes misses!
 The manes bites!
 You die...
 Do you want your possessions identified? [ynq] (y) y
 Do you want to see your attributes? [ynq] (y) y
 Do you want an account of creatures vanquished? [ynaq] (y) y
 Do you want to see your conduct and achievements? [ynq] (y) y
 Do you want to see the dungeon overview? [ynq] (y) y

Inventory:
 Coins    ('$')
  $ - 37 gold pieces
 Weapons  (')')
  a - a corroded +1 long sword (weapon in right hand)
 Armor    ('[')
  d - an uncursed +0 helmet (being worn)
  f - an uncursed +0 pair of leather gloves (being worn)
  e - an uncursed +0 small shield (being worn)
  c - an uncursed +1 ring mail (being worn)
 Comestibles  ('%')
  g - 8 uncursed apples
  r - an uncursed clove of garlic
 Scrolls  ('?')
  o - an uncursed scroll of blank paper
  m - an uncursed scroll of light
 Potions  ('!')
  p - an uncursed potion of gain ability
  l - a potion of holy water
  i - an uncursed potion of water
 Rings    ('=')
  n - a cursed ring of hunger
 Wands    ('/')
  j - a wand of digging (0:6)

Drastanta the Knight's attributes:

Background:
 You were an Esquire, a level 3 male human Knight.
 You were lawful, on a mission for Lugh
 who was opposed by Brigit (neutral) and Manannan Mac Lir (chaotic).
 You were right-handed.
 You were in the Dungeons of Doom, on level 3.
 You entered the dungeon 2527 turns ago.
 It was the midnight hour.
 There was a new moon in effect when your adventure ended.
 You had 59 experience points, 21 more were needed to attain level 4.

Basics:
 You had 0 out of 30 hit points.
 You had all 17 energy points (spell power).
 Your armor class was 3.
 Your wallet contained 37 zorkmids.
 Autopickup was off.

Final Characteristics:
 Your strength was 14 (limit:18/100).
 Your dexterity was 8 (limit:18).
 Your constitution was 13 (limit:18).
 Your intelligence was 9 (limit:18).
 Your wisdom was 14 (limit:18).
 Your charisma was 18 (limit:18).

Final Status:
 You weren't hungry.
 You were unencumbered.
 You were wielding a long sword.
 You had basic skill with long sword.

Final Attributes:
 You were piously aligned.
 You could jump.
 You were warded.
 You are dead.

Miscellaneous:
 You didn't encounter any bones levels.
 Total elapsed playing time was 9 minutes and 4 seconds.

Major events:
 Turn
    1: Drastanta the lawful male human Knight entered the dungeon
  771: attained the rank of Esquire (level 3)
 2527: killed by a manes, while frozen by a floating eye's gaze

You didn't know any spells.

Skills:
 Fighting Skills
   bare handed combat [Unskilled]
   two weapon combat  [Unskilled]
   riding             [Basic]
 Weapon Skills
   dagger             [Unskilled]
   knife              [Unskilled]
   axe                [Unskilled]
   pick-axe           [Unskilled]
   short sword        [Unskilled]
   broadsword         [Unskilled]
   long sword         [Basic]
   two-handed sword   [Unskilled]
   saber              [Unskilled]
   club               [Unskilled]
   mace               [Unskilled]
   morning star       [Unskilled]
   flail              [Unskilled]
   hammer             [Unskilled]
   polearms           [Unskilled]
   spear              [Unskilled]
   trident            [Unskilled]
   lance              [Basic]
   bow                [Unskilled]
   crossbow           [Unskilled]
 Spellcasting Skills
   attack spells      [Unskilled]
   healing spells     [Unskilled]
   clerical spells    [Unskilled]

Voluntary challenges:
 Character rerolling was not enabled.
 You never genocided any monsters.
 You never polymorphed an object.
 You never changed form.
 You used no wishes.
Achievements:
 You entered a shop.
 You attained the rank of Esquire.

 The Dungeons of Doom: levels 1 to 4
    Level 1:
    Level 2:
       A general store.
    Level 3: <- You were here.
       A fountain.
       Final resting place for
          you, killed by a manes, while frozen by a floating eye's gaze.
    Level 4:


Vanquished creatures:
  a small mimic
  a floating eye
 an acid blob
  2 manes
  a gnome zombie
  3 jackals
  2 foxes
  3 goblins
  a sewer rat
  2 grid bugs
  2 lichens
  6 newts
25 creatures vanquished.

No species were genocided or became extinct.

Game over:
                       ----------
                      /          \
                     /    REST    \
                    /      IN      \
                   /     PEACE      \
                  /                  \
                  |    Drastanta     |
                  |      37 Au       |
                  |   killed by a    |
                  |      manes       |
                  |                  |
                  |                  |
                  |       2026       |
                 *|     *  *  *      | *
        _________)/\\_//(\/(/\)/\//\/|_)_______

Fare thee well Drastanta the Knight...

You died in The Dungeons of Doom on dungeon level 3 with 478 points,
and 37 pieces of gold, after 2527 moves.
You were level 3 with a maximum of 30 hit points when you died.

